 Dungeon Crawl Stone Soup version 0.31.0-9-g3a7656b989 (webtiles) character file.

Game seed: 7267745773843673588

12 qw the Shooter (level 2, 0/16 HPs)
             Began as a Deep Elf Hunter on Feb 2, 2024.
             Slain by a jackal (1 damage)
             ... on level 1 of the Dungeon.
             The game lasted 00:00:01 (166 turns).

qw the Shooter (Deep Elf Hunter)                     Turns: 166, Time: 00:00:01

Health: 0/16       AC:  3    Str:  8    XL:     2   Next: 20%
Magic:  4/4        EV: 12    Int: 13    God:
Gold:   30         SH:  0    Dex: 18    Spells: 1/1 levels left

rFire   . . .        a - +0 shortbow
rCold   . . .        (shield currently unavailable)
rNeg    . . .        c - +0 leather armour
rPois   .            (no helmet)
rElec   .            (no cloak)
rCorr   .            (no gloves)
SInv    .            (no boots)
Will    .....        (no amulet)
Stlth   ++           (no ring)
HPRegen 0.22/turn    (no ring)
MPRegen 0.09/turn

%: no passive effects
@: no status effects
A: no striking features
a: no special abilities


You were on level 1 of the Dungeon.
You visited 1 branch of the dungeon, and saw 1 of its levels.

You collected 30 gold pieces.


   Skills:
 - Level 1.5 Fighting
 + Level 6.1 Ranged Weapons
 - Level 2.4 Dodging
 - Level 1.2 Stealth


You had one spell level left.
You didn't know any spells.
Your spell library was empty.

Inventory:

Hand Weapons
 a - a +0 shortbow (weapon)
Armour
 c - a +0 leather armour (worn)
Jewellery
 e - a +6 ring of strength
Scrolls
 b - a scroll of butterflies
 d - a scroll of identify {unknown}
 g - 2 scrolls of silence {unknown}
Potions
 f - a potion of might {unknown}

Dungeon Overview and Level Annotations

Branches:
Dungeon (1/15)

Altars:


Message History

The jackal is severely wounded.
The bat hits you but does no damage. The ball python barely misses you.
The ball python grabs you. The ball python constricts you.
The frilled lizard bites you but does no damage.
The jackal bites you. The ball python barely misses you.
The ball python constricts you. The frilled lizard bites you.
You shoot an arrow.
The arrow barely misses the ball python.
The arrow hits the jackal.
The jackal is almost dead.
The jackal bites you but does no damage. x2
The bat barely misses you. The ball python barely misses you.
The ball python constricts you. The frilled lizard barely misses you.
You shoot an arrow.
The arrow closely misses the ball python.
The arrow hits the jackal but does no damage.
The jackal is almost dead.
The bat hits you but does no damage. The jackal bites you.
The ball python bites you but does no damage.
The ball python constricts you.
The frilled lizard completely misses you.
The jackal bites you but does no damage.
The ball python bites you. The ball python constricts you.
You shoot an arrow.
The arrow hits the ball python but does no damage.
The bat closely misses you. The bat hits you.
The frilled lizard barely misses you. The ball python bites you.
The ball python constricts you.
You shoot an arrow. The arrow hits the ball python.
The ball python is heavily wounded.
The bat hits you but does no damage. The bat barely misses you.
The jackal bites you but does no damage.
The jackal bites you. The ball python barely misses you.
The ball python constricts you. The frilled lizard bites you.
The jackal bites you but does no damage.
You shoot an arrow. The arrow hits the ball python!
You kill the ball python!
The bat closely misses you. x2; The jackal closely misses you.
The jackal bites you.
You die...

... # #.......# ... #
#...>...+ ....+
#.......# #..#
#.......###########..
#.............)..####
#....................
##..hh............###)
#...%@b...............
#...l##...........###.
#.... #...........# #.
#.... #...........###%
#.... #...............
#.... #.............%.
#.... #...............
..... ############....
#)...


You could see 2 jackals, a bat and a frilled lizard.

Vanquished Creatures
  A dart slug (D:1)
  2 ball pythons (D:1)
  An endoplasm (D:1)
  2 giant cockroaches (D:1)
  2 quokkas (D:1)
  A kobold (D:1)
  A rat (D:1)
10 creatures vanquished.

Notes
Turn   | Place    | Note
-------+----------+-------------------------------------------
     0 | D:1      | qw the Deep Elf Hunter began the quest for the Orb.
     0 | D:1      | Reached XP level 1. HP: 12/12 MP: 3/3
     0 | D:1      | 0 ||| qw: Version: 0.3-a-155-g5e7d8dd
     0 | D:1      | 0 ||| qw: Game counter: 2231
     0 | D:1      | 0 ||| qw: Melee chars always use a shield: true
     0 | D:1      | 0 ||| qw: God list: Okawaru
     0 | D:1      | 0 ||| qw: Allow faded altars: false
     0 | D:1      | 0 ||| qw: Do Orc after clearing Dungeon:15 true
     0 | D:1      | 0 ||| qw: Do second Lair branch before Depths: true
     0 | D:1      | 0 ||| qw: Lair rune preference: random
     0 | D:1      | 0 ||| qw: Goals: Normal
     0 | D:1      | 0 ||| PLANNING D:1-11
   112 | D:1      | Reached XP level 2. HP: 16/16 MP: 4/4
   115 | D:1      | Reached skill level 6 in Ranged Weapons
   163 | D:1      | HP: 4/16 [ball python (2)]
   165 | D:1      | HP: 1/16 [frilled lizard (1)]
   166 | D:1      | Slain by a jackal

Levels and vault maps discovered:
D:1:      lemuel_arrival_cross, layout_basic, dreamdust_ecumenical_altar_statues

Skill      XL: |  1  2 |
---------------+-------+-----
Ranged Weapons | 6 |  6.1
Fighting       | |  1.5
Dodging        | |  2.4
Stealth        | |  1.2

Action                     || total
---------------------------++-------
   Fire: Shortbow          ||    41
 Armour: Leather armour    ||    27
  Dodge: Dodged            ||    30

Table legend:
 A = Non-vault XP
 B = Vault XP
 C = Vault XP percentage of total XP
 D = Non-vault monster count
 E = Vault monster count
 F = Vault count percentage of total count
                 A         B        C        D         E       F
            +---------+---------+-------+---------+---------+-------
      Total |      20 |       0 |   0.0 |      10 |       0 |   0.0
            +---------+---------+-------+---------+---------+-------
        D:1 |      20 |       0 |   0.0 |      10 |       0 |   0.0
            +---------+---------+-------+---------+---------+-------
